 Dungeon Crawl Stone Soup version 0.28-a0-1114-g8eb0198dcf (webtiles) character file.

Game seed: 7853248440567017162

9655 ChaosChampion the Eclecticist (level 11, -11/54 HPs)
             Began as a Deep Elf Conjurer on Dec 11, 2021.
             Was a Believer of Vehumet.
             Mangled by a two-headed ogre (16 damage)
             ... on level 12 of the Dungeon on Dec 12, 2021.
             The game lasted 00:53:14 (15883 turns).

ChaosChampion the Eclecticist (Deep Elf Conjurer)  Turns: 15883, Time: 00:53:14

Health: -11/54     AC: 10    Str:  4    XL:     11   Next: 25%
Magic:  22/30      EV: 13    Int: 31    God:    Vehumet [**....]
Gold:   671        SH:  0    Dex: 13    Spells: 1/42 levels left

rFire   . . .      SeeInvis .   I - +4 quarterstaff (chaos)
rCold   . . .      Faith    .   (shield currently unavailable)
rNeg    . . .      Spirit   .   H - +0 troll leather armour
rPois   .          Reflect  .   e - +2 helmet {Int+3}
rElec   .          Harm     .   a - +0 cloak
rCorr   .          Rampage  .   (no gloves)
Will    ++...                   B - +0 pair of boots
Stlth   ++........              Q - amulet of magic regeneration
HPRegen 0.98/turn               f - ring of willpower
MPRegen 0.62/turn               P - ring of wizardry

@: sluggish, very slow
A: low mp 1
a: Renounce Religion


You were on level 12 of the Dungeon.
You worshipped Vehumet.
Vehumet was pleased with you.
You visited 3 branches of the dungeon, and saw 15 of its levels.
You also visited: Sewer.

You collected 671 gold pieces.

Inventory:

Hand Weapons
 I - a +4 quarterstaff of chaos (weapon)
Missiles
 y - 20 poisoned darts
Armour
 a - a +0 cloak (worn)
 e - a +2 helmet of intelligence (worn)
 j - a +2 leather armour of fire resistance
 B - a +0 pair of boots (worn)
 G - a +2 ring mail of cold resistance
 H - a +0 troll leather armour (worn)
 M - +0 steam dragon scales
Magical Staves
 g - a staff of air
 r - a staff of cold
Jewellery
 f - a ring of willpower (left hand)
 q - a ring of ice
 t - a ring of positive energy
 E - a ring of ice
 J - a +4 ring of evasion
 P - a ring of wizardry (right hand)
 Q - an amulet of magic regeneration (around neck)
 R - a ring of flight
Wands
 s - a wand of polymorph (25)
 A - a wand of iceblast (10)
 C - a wand of paralysis (10)
 F - a wand of acid (6)
 L - a wand of mindburst (8)
Scrolls
 b - a scroll of enchant weapon
 m - a scroll of teleportation
 n - 2 scrolls of enchant armour
 v - 6 scrolls of magic mapping {unknown}
 x - a scroll of fog
 D - a scroll of blinking
 N - a scroll of identify
 T - a scroll of brand weapon {unknown}
Potions
 c - 4 potions of might
 d - 2 potions of lignification
 h - 4 potions of heal wounds
 i - a potion of ambrosia
 l - 7 potions of curing
 o - a potion of mutation {unknown}
 p - 4 potions of attraction
 u - 4 potions of flight {unknown}
 w - 2 potions of invisibility {unknown}
 z - a potion of resistance {unknown}
 K - a potion of brilliance {unknown}
 O - a potion of haste {unknown}
 S - a potion of degeneration {unknown}


   Skills:
 + Level 3.7 Armour
 + Level 6.2 Dodging
 - Level 2.4 Stealth
 + Level 16.1 Spellcasting
 * Level 12.4 Conjurations


You had one spell level left.
You knew the following spells:

 Your Spells              Type           Power      Damage    Failure   Level
a - Magic Dart            Conj           100%       1d8       0%          1
b - Searing Ray           Conj           100%       2d8       1%          2
c - Fulminant Prism       Conj/Hex       29%        3d14      1%          4
d - Iskenderun's Battles  Conj           80%        2d13      1%          5
e - Poisonous Vapours     Pois/Air       50%        N/A       1%          2
f - Spellforged Servitor  Conj/Summ      29%        N/A       56%         7
g - Swiftness             Air            25%        N/A       3%          3
h - Iron Shot             Conj/Erth      29%        9d6       14%         6
i - Fireball              Conj/Fire      29%        3d13      2%          5
j - Starburst             Conj/Fire      29%        6d9       14%         6

Your spell library contained the following spells:

 Spells                   Type           Power      Damage    Failure   Level
 Static Discharge         Conj/Air       59%        N/A       1%          2
 Pain                     Necr           100%       1d9       1%          1
 Passwall                 Tmut/Erth      20%        N/A       1%          2
 Dazzling Flash           Conj/Hex       100%       N/A       1%          3
 Iskenderun's Mystic Bla  Conj/Tloc      59%        2d12      1%          4
 Agony                    Necr           25%        N/A       32%         5
 Excruciating Wounds      Necr           12%        N/A       32%         5
 Ignition                 Fire           12%        3d6       100%        8


Dungeon Overview and Level Annotations

Branches:
Dungeon (13/15)            Temple (1/1) D:5            Lair (1/6) D:8
 Vaults (0/5) D:13          Sewer (visited)
    Orc: D:9-12

Altars:
Ashenzari
Cheibriados
Dithmenos
Elyvilon
Fedhas
Gozag
Hepliaklqana
Kikubaaqudgha
Makhleb
Nemelex Xobeh
Okawaru
Qazlal
Ru
Sif Muna
Trog
Uskayaw
Vehumet
Wu Jian
Xom
Yredelemnul
Zin
The Shining One

Shops:
D:9 (


Innate Abilities, Weirdness & Mutations

Your magical capacity is low. (-10% MP)


Message History

The barrage of energy hits the two-headed ogre!
The two-headed ogre is moderately wounded.
Your attack snaps the two-headed ogre out of its fear.
The searing ray hits the two-headed ogre.
The two-headed ogre is moderately wounded.
Your battlesphere fires!
The barrage of energy hits the four-headed hydra!
The four-headed hydra is lightly wounded.
Your attack snaps the four-headed hydra out of its fear.
The searing ray hits the two-headed ogre!
The two-headed ogre is heavily wounded.
Your battlesphere fires!
The barrage of energy hits the four-headed hydra!
The four-headed hydra is moderately wounded.
The two-headed ogre hits you with a +0 giant club!
The two-headed ogre hits you with a +0 giant spiked club!
The searing ray hits the two-headed ogre!
The two-headed ogre is severely wounded.
The searing ray hits the four-headed hydra.
The four-headed hydra is moderately wounded.
You finish channelling your searing ray.
Your battlesphere fires!
The barrage of energy hits the four-headed hydra!
The four-headed hydra is heavily wounded.
Casting: Searing Ray (safe; 1% risk of failure)
Confirm with . or Enter, or press ? or * to list all spells.
Aiming: Searing Ray (safe; 1% risk of failure)
Press: ? - help, Shift-Dir - straight line, f/p - two-headed ogre
Aim: a two-headed ogre, wielding a +0 giant club and a +0 giant spiked club (severely wounded, 92% to hit)
The searing ray misses the two-headed ogre.
The searing ray hits the four-headed hydra!
The four-headed hydra is severely wounded. (Press . to maintain the ray.)
Your battlesphere fires!
The barrage of energy hits the two-headed ogre!
The two-headed ogre is almost dead.
The two-headed ogre hits you with a +0 giant club!!
* * * LOW HITPOINT WARNING * * *
The two-headed ogre hits you with a +0 giant spiked club!
You die...

.....D####..###.).
...................=.
.....................
#..........# #..#
#....###...# #..# #....
#D..# #..# #.... #...# #..#
#.... #O..# #..# #.. ....(.
#@..# #D<# #..#
...........*.# #..####...
()................D........
.......................$
...#####................ ..
...####...####.. . ...#
#...# #.. ...# #...####..
.........


You could see a four-headed hydra, a two-headed ogre (ally target) and a
friendly battlesphere.

Vanquished Creatures
  2 two-headed ogres
  A manticore (D:12)
  A cyclops (D:7)
  A komodo dragon (D:11)
  A kobold demonologist (D:10)
  2 trolls
  A wyvern (D:10)
  A wraith (D:9)
  3 shadows
  4 yaks (D:8)
  3 steam dragons
  Grum (D:10)
  6 vampire mosquitoes
  An acid dragon (D:11)
  Pargi (Sewer)
  4 orc warriors
  3 ice beasts
  A sky beast (D:6)
  2 black bears
  3 necrophages
  4 wolves (D:10)
  6 ogres
  2 kobold brigands
  A bullfrog (D:7)
  A gnoll sergeant (D:6)
  5 scorpions
  3 killer bees (D:7)
  4 wights (D:8)
  3 centaur zombies
  A bullfrog zombie (D:6)
  4 jellies (D:5)
  2 bullfrog skeletons
  4 orc priests
  A centaur skeleton (D:5)
  6 hounds
  Crazy Yiuf (D:7)
  2 iguanas
  Natasha (thrice) (D:2)
  5 orc wizards
  A hound zombie (D:5)
  A howler monkey skeleton (D:4)
  8 adders
  A gnoll (D:1)
  A river rat (D:4)
  A shadow imp (D:8)
  3 white imps
  2 ufetubi
  An adder zombie (D:5)
  An adder skeleton (D:4)
  4 worms
  10 orcs
  4 ball pythons
  3 endoplasms
  2 giant cockroaches
  5 goblins
  11 hobgoblins
  A jackal (D:5)
  14 kobolds
  3 quokkas
  7 bats
  A frilled lizard (Sewer)
  6 rats
191 creatures vanquished.

Vanquished Creatures (collateral kills)
  An iguana (D:4)
1 creature vanquished.

Vanquished Creatures (others)
  3 fulminant prisms
  A plant (D:3)
4 creatures vanquished.

Grand Total: 196 creatures vanquished

Notes
Turn   | Place    | Note
-------+----------+-------------------------------------------
     0 | D:1      | ChaosChampion the Deep Elf Conjurer began the quest for the
                  | Orb.
     0 | D:1      | Reached XP level 1. HP: 10/10 MP: 6/6
   423 | D:1      | Reached XP level 2. HP: 15/15 MP: 4/8
   438 | D:1      | Reached skill level 4 in Spellcasting
   855 | D:1      | Found a faded altar of an unknown god.
  1141 | D:2      | Reached XP level 3. HP: 19/19 MP: 4/10
  1418 | D:2      | Reached skill level 5 in Spellcasting
  1418 | D:2      | Reached skill level 5 in Conjurations
  1508 | D:2      | Learned a level 2 spell: Searing Ray
  1717 | D:2      | Reached XP level 4. HP: 24/24 MP: 10/13
  1743 | D:2      | Noticed Natasha
  1747 | D:2      | Killed Natasha
  1956 | D:2      | Noticed Natasha
  1970 | D:2      | Killed Natasha
  2100 | D:2      | Noticed Natasha
  2104 | D:2      | Killed Natasha
  2105 | D:2      | Reached skill level 6 in Spellcasting
  2105 | D:2      | Reached XP level 5. HP: 22/28 MP: 9/15
  3419 | D:3      | Found an iron altar of Okawaru.
  3736 | D:3      | Reached skill level 7 in Spellcasting
  3816 | D:3      | Reached XP level 6. HP: 32/32 MP: 13/18
  3821 | D:3      | Learned a level 4 spell: Fulminant Prism
  4042 | D:3      | Found a glowing golden altar of the Shining One.
  4628 | D:4      | Noticed an ice beast
  4962 | D:4      | Found an ancient bone altar of Kikubaaqudgha.
  5254 | D:4      | Found a glowing drain.
  5261 | Sewer    | Entered a sewer
  5311 | Sewer    | Noticed Pargi
  5319 | Sewer    | Killed Pargi
  5320 | Sewer    | Reached skill level 8 in Spellcasting
  5804 | D:4      | Reached XP level 7. HP: 36/36 MP: 17/21
  6015 | D:4      | Reached skill level 9 in Spellcasting
  6447 | D:5      | Entered Level 5 of the Dungeon
  6454 | D:5      | Found a staircase to the Ecumenical Temple.
  6467 | Temple   | Entered the Ecumenical Temple
  6685 | Temple   | Became a worshipper of Vehumet
  7182 | D:5      | Reached skill level 10 in Spellcasting
  7265 | D:5      | Reached XP level 8. HP: 41/41 MP: 17/24
  7559 | D:5      | Reached skill level 11 in Spellcasting
  7929 | D:5      | Learned a level 5 spell: Iskenderun's Battlesphere
  7960 | D:5      | Found a stormy altar of Qazlal.
  8175 | D:6      | Noticed a two-headed ogre
  8267 | D:6      | You fall into a shaft and drop 1 floor!
  8267 | D:7      | Noticed a troll
  8630 | D:6      | Reached skill level 12 in Spellcasting
  9206 | D:6      | Reached * piety under Vehumet
  9206 | D:6      | Offered knowledge of Freeze by Vehumet.
  9244 | D:6      | Reached XP level 9. HP: 45/45 MP: 11/27
  9392 | D:6      | Reached skill level 13 in Spellcasting
  9764 | D:6      | Killed a two-headed ogre
  9765 | D:6      | Reached skill level 14 in Spellcasting
  9931 | D:7      | Found a sparkling altar of Nemelex Xobeh.
 10176 | D:7      | Noticed a cyclops
 10187 | D:7      | Killed a cyclops
 10188 | D:7      | Reached skill level 15 in Spellcasting
 10188 | D:7      | Reached skill level 10 in Conjurations
 10711 | D:7      | HP: 2/45 [poisoned by a killer bee]
 11047 | D:7      | Killed a troll
 11048 | D:7      | Reached XP level 10. HP: 50/50 MP: 22/31
 11196 | D:7      | Found a runed translucent door.
 11197 | D:7      | Noticed Crazy Yiuf
 11395 | D:7      | Killed Crazy Yiuf
 11545 | D:8      | Reached skill level 1 in Armour
 11875 | D:8      | Found a white marble altar of Elyvilon.
 12102 | D:8      | Found a staircase to the Lair.
 12317 | D:8      | Reached ** piety under Vehumet
 12472 | D:9      | Found Roasutal's Weapon Shop.
 12534 | D:9      | Offered knowledge of Poisonous Vapours by Vehumet.
 12538 | D:9      | Learned a level 2 spell: Poisonous Vapours
 12952 | D:10     | Entered Level 10 of the Dungeon
 13040 | D:10     | Learned a level 7 spell: Spellforged Servitor
 13044 | D:10     | Learned a level 3 spell: Swiftness
 13057 | D:10     | Noticed a two-headed ogre
 13233 | D:10     | Noticed an orange demon
 13236 | D:10     | Gained mutation: Your magical capacity is low. (-10% MP) [a
                  | neqoxec]
 13339 | D:10     | Noticed Grum
 13340 | D:10     | Reached skill level 5 in Dodging
 13342 | D:10     | Killed Grum
 13574 | D:10     | Noticed a two-headed ogre
 13579 | D:10     | Killed a two-headed ogre
 13639 | D:10     | Noticed a two-headed ogre
 13756 | D:10     | Reached XP level 11. HP: 54/54 MP: 21/29
 14066 | D:11     | Offered knowledge of Static Discharge by Vehumet.
 14069 | D:11     | Reached skill level 16 in Spellcasting
 14076 | D:11     | Learned a level 6 spell: Iron Shot
 14375 | D:11     | Noticed a boulder beetle
 14600 | D:11     | Learned a level 5 spell: Fireball
 14607 | D:11     | Learned a level 6 spell: Starburst
 15320 | D:12     | Noticed a death knight
 15320 | D:12     | Noticed a phantasmal warrior
 15321 | D:12     | Noticed a phantasmal warrior
 15431 | Lair:1   | Entered Level 1 of the Lair of Beasts
 15433 | Lair:1   | Noticed a six-headed hydra
 15745 | D:12     | Noticed a boulder beetle
 15826 | D:13     | Found a gate to the Vaults.
 15826 | D:13     | Noticed a vault guard
 15826 | D:13     | Noticed a vault guard
 15826 | D:13     | Noticed a vault guard
 15826 | D:13     | Noticed a skeletal warrior
 15826 | D:13     | Noticed a tengu warrior
 15827 | D:13     | Noticed a vault guard
 15868 | D:12     | Noticed a two-headed ogre
 15868 | D:12     | Noticed a four-headed hydra
 15883 | D:12     | Mangled by a two-headed ogre

Illustrated notes

Levels and vault maps discovered:
D:1:      dpeg_arrival_simpleton_b, layout_basic, ebering_ecumenical_altar_hall
D:2:      layout_rooms, uniq_natasha
D:3:      layout_loops_corners, tso_altar, mainiacjoe_overflow_brackets,
          kennysheep_another_room, serial_bayou_pond_e
D:4:      layout_cave_pools, serial_column_ruins, column_ruins_open_medium,
          column_ruins_grid_3, column_ruins_grid_1, column_ruins_open_large,
          column_ruins_open_small, column_ruins_columns_straight,
          gup_sewer_entry_spiral, minmay_ruined_shrine
D:5:      minmay_recursive_quarters, layout_rooms,
          nicolae_qazlal_eye_of_the_storm, minmay_temple_entry_tees,
          minmay_between
D:6:      layout_loops_corners, minmay_puff
D:7:      layout_basic, nemelex_dance_club_becter, uniq_crazy_yiuf_cottage
D:8:      layout_gridville, elyvilon_altar_3, lair_entry_dummy
D:9:      layout_rooms, serial_shops, nicolae_shop_hallway_stairs
D:10:     layout_roguey, kennysheep_generic_room_6, uniq_grum
D:11:     layout_cave_pods
D:12:     layout_small_grid, erik_orc_1, biasface_ghost_orc_armoury,
          kennysheep_generic_room_13
D:13:     layout_big_octagon, lightli_vaults_fourway_checkpoint, enter_bailey_4,
          uniq_urug, uniq_frances, uniq_rupert
Temple:   minmay_crystal_spiral_temple
Lair:1:   layout_roguey, uniq_nergalle

Skill      XL: |  1  2  3  4  5  6  7  8  9 10 11 |
---------------+----------------------------------+-----
Spellcasting   | 4 5 6 7 8 10 12 15 16 | 16.1
Conjurations   | 5 6 7 8 10 11 12 | 12.4
Dodging        | 5 6 |  6.2
Armour         | 3 |  3.7
Stealth        | |  2.4

Action                   |  1- 3 |  4- 6 |  7- 9 | 10-12 || total
-------------------------+-------+-------+-------+-------++-------
Melee: Staff             |       |     7 |     4 |       ||    11
       Quarterstaff      |       |       |       |     2 ||     2
 Cast: Magic Dart        |    70 |    56 |    75 |    81 ||   282
       Searing Ray       |       |    36 |    59 |    48 ||   143
       Iskenderun's Batt |       |       |    17 |    44 ||    61
       Swiftness         |       |       |       |     4 ||     4
       Fireball          |       |       |       |     3 ||     3
       Fulminant Prism   |       |       |       |     3 ||     3
       Starburst         |       |       |       |     1 ||     1
  Use: Scroll            |       |    10 |       |    13 ||    23
       Potion            |       |       |     1 |       ||     1
Armor: Robe              |       |     2 |       |       ||     2
       Leather armour    |       |    11 |    30 |       ||    41
       Troll leather arm |       |       |       |    16 ||    16
Dodge: Dodged            |     4 |    28 |    58 |    52 ||   142

Table legend: (Time is in decaauts)
 A = Elapsed time spent in this place.
 B = Non-inter-level travel time spent in this place.
 C = Inter-level travel time spent in this place.
 D = Time resting spent in this place.
 E = Time spent auto-exploring this place.
 F = Levels seen in this place.
 G = Mean time per level.
                   A        B        C        D        E       F      G
               +--------+--------+--------+--------+--------+-----+--------+
         Total |  15944 |  15566 |    378 |   3309 |   7990 |  16 |  996.5 |
       Dungeon |  15211 |  14902 |    309 |   2968 |   7868 |  13 | 1170.1 |
        Temple |    225 |    156 |     69 |      0 |    122 |   1 |  225.0 |
          Lair |      5 |      5 |      0 |      0 |      0 |   1 |    5.0 |
         Sewer |    501 |    501 |      0 |    341 |      0 |   1 |  501.0 |
               +--------+--------+--------+--------+--------+-----+--------+

Top non-repeatable levels by time:
     D:2: 2227 daAuts
     D:6: 1631 daAuts
     D:7: 1619 daAuts
     D:5: 1576 daAuts
     D:3: 1437 daAuts
    D:11: 1260 daAuts
     D:4: 1244 daAuts
    D:10: 1193 daAuts
     D:8: 1156 daAuts
     D:1: 1089 daAuts
     D:9: 551 daAuts
   Sewer: 501 daAuts
  Temple: 225 daAuts
    D:12: 127 daAuts
    D:13: 95 daAuts
